Map: Jagannatha LE

Players

Moja

  • Race: Terran Terran
  • Spawn Location: 1:00

Ziggy - Winner!

  • Race: Terran Terran
  • League: Grandmaster
  • Spawn Location: 7:00

Event: DreamHack SC2 Masters 2020 Winter

VOD

Have the link to the VOD?

Description

Time

  • Played on: Oct. 16, 2020, 1:47 p.m.
  • Length: 13:05

All games in this series

Show
View Real Time Build Order
Export as new Build Order

Moja Terran 

Build Orders:  

Get SALT Encoding   

  12  0:00  SCV  
  13  0:12  SCV  
  14  0:17  Supply Depot  
  14  0:24  SCV  
  14  0:27  Refinery  
  15  0:38  SCV  
  16  0:44  Barracks  
  16  0:50  SCV  
  16  0:54  Refinery  
  17  1:02  SCV  
  18  1:15  SCV  
  19  1:30  Orbital Command  
  19  1:31  Factory  
  19  1:35  Reaper  
  20  1:44  Supply Depot  
  20  1:56  SCV  
  21  2:07  Reaper  
  21  2:08  SCV  
  23  2:15  Hellion  
  25  2:20  SCV  
  25  2:22  Supply Depot  
  22  2:38  Marine  
  22  2:40  Hellion  
  22  2:42  SCV  
  24  2:54  SCV  
  24  2:56  Marine  
  20  3:08  Hellion  
  20  3:10  SCV  
  21  3:17  Marine  
  22  3:22  SCV  
  23  3:29  Hellion  
  25  3:34  SCV  
  25  3:35  Marine  
  25  3:38  Command Center  
  27  3:46  SCV  
  27  3:52  Hellion, Marine  
  29  3:58  SCV  
  27  4:09  Starport  
  27  4:10  SCV  
  27  4:11  Marine  
  27  4:13  Hellion  
  31  4:18  Supply Depot  
  31  4:23  SCV  
  32  4:30  Barracks Reactor  
  32  4:35  SCV  
  32  4:36  Factory Tech Lab  
  33  4:45  Starport Tech Lab  
  33  4:47  SCV  
  33  4:51  Orbital Command  
  34  4:54  Siege Tank  
  34  4:59  SCV  
  38  5:03  Raven  
  38  5:06  Marine x2  
  42  5:11  SCV  
  43  5:23  SCV  
  43  5:27  Cyclone  
  47  5:29  Orbital Command  
  47  5:33  Marine x2  
  47  5:35  SCV  
  50  5:45  Command Center  
  50  5:48  SCV  
  51  5:55  Raven, Marine x2  
  54  6:02  SCV  
  53  6:07  SCV  
  54  6:18  SCV  
  53  6:19  SCV  
  53  6:24  Siege Tank  
  55  6:30  SCV  
  55  6:31  SCV  
  57  6:44  SCV x2  
  57  6:46  Viking  
  61  6:49  Supply Depot  
  61  6:50  Viking  
  60  6:56  SCV  
  61  7:07  SCV  
  59  7:08  Siege Tank  
  59  7:13  SCV  
  63  7:18  SCV  
  63  7:20  SCV  
  63  7:23  Viking x2  
  63  7:26  SCV  
  67  7:30  Orbital Command  
  67  7:33  SCV  
  64  7:39  SCV  
  64  8:01  SCV  
  64  8:02  Viking x2  
  65  8:06  SCV x2  
  65  8:10  Barracks  
  65  8:11  Stimpack, Barracks  
  67  8:13  SCV  
  65  8:39  Viking  
  64  8:43  SCV, Refinery  
  64  8:45  Refinery  
  65  8:53  SCV x2  
  65  8:54  Marine  
  68  8:57  SCV  
  68  8:58  Engineering Bay  
  68  8:59  Engineering Bay  
  69  9:05  SCV x2  
  69  9:09  SCV  
  72  9:17  SCV  
  72  9:18  Barracks  
  72  9:19  Barracks Reactor x2  
  72  9:20  Marine, Barracks  
  74  9:29  SCV, Orbital Command  
  74  9:31  Terran Infantry Weapons Level 1  
  75  9:36  SCV  
  75  9:38  Marine  
  76  9:41  SCV  
  76  9:45  Terran Infantry Armor Level 1, Siege Tank  
  81  9:48  SCV  
  82  9:56  Marine  
  83  10:05  SCV x2  
  85  10:12  Barracks Reactor x2, Supply Depot  
  85  10:13  Supply Depot, Command Center  
  85  10:14  Supply Depot  
  85  10:15  Missile Turret, Refinery  
  85  10:16  Missile Turret, Refinery  
  85  10:17  Missile Turret  
  85  10:22  Supply Depot  
  85  10:33  SCV x3, Siege Tank  
  90  10:45  SCV x2  
  90  10:48  Sensor Tower  
  91  10:52  SCV  
  91  10:57  SCV, Marine x8  
  92  10:58  Marine  
  92  10:59  Combat Shield  
  92  11:01  Medivac x2  
  106  11:05  Siege Tank  
  106  11:10  SCV x2  
  111  11:14  Marine  
  111  11:15  Marine  
  113  11:23  Marine x4  
  113  11:24  Marine  
  113  11:25  Marine x2  
  120  11:29  Supply Depot x3  
  120  11:30  Armory  
  120  11:32  Marine  
  120  11:33  Marine  
  122  11:40  Marine  
  122  11:45  Marine x5  
  110  11:56  Marine x3  
  110  11:58  Marine  
  105  12:07  Marine  
  105  12:08  Marine x2  
  90  12:09  Marine x2  
  90  12:13  Medivac x2, Siege Tank  
  90  12:14  Marine x3  
  103  12:16  Marine  
  103  12:21  SCV  
  105  12:25  Marine x2  
  105  12:26  Marine  
  105  12:28  Marine x2  
  110  12:34  Marine x3  
  105  12:46  Marine x2  
Show
View Real Time Build Order
Export as new Build Order

Ziggy Terran - Winner!

Build Orders:  

Get SALT Encoding   

  12  0:00  SCV  
  13  0:12  SCV  
  14  0:19  Supply Depot  
  14  0:41  Barracks  
  14  0:47  Barracks  
  14  0:53  Refinery  
  14  1:00  Refinery  
  14  1:05  SCV  
  15  1:17  SCV  
  16  1:29  Orbital Command  
  16  1:34  Reaper  
  17  1:40  Reaper  
  18  1:55  SCV  
  19  2:03  Supply Depot  
  19  2:06  Reaper  
  20  2:13  Reaper  
  21  2:22  Factory  
  21  2:30  SCV  
  22  2:39  Reaper  
  22  2:42  SCV  
  24  2:45  Reaper  
  25  2:54  SCV  
  23  3:08  Factory Tech Lab  
  23  3:11  Reaper  
  23  3:12  SCV  
  25  3:18  Starport  
  25  3:24  SCV  
  26  3:27  Cyclone  
  29  3:35  Supply Depot  
  29  3:36  SCV  
  30  3:42  Reaper  
  31  3:56  Starport Tech Lab  
  31  3:57  SCV, Reaper  
  31  4:09  SCV  
  32  4:14  Command Center  
  32  4:21  SCV  
  33  4:25  Raven  
  33  4:28  Supply Depot  
  35  4:33  SCV  
  36  4:40  Refinery  
  36  4:46  SCV  
  36  4:48  Supply Depot  
  36  4:50  Siege Tank  
  40  4:58  SCV  
  41  5:10  SCV  
  41  5:13  Marine  
  43  5:22  SCV  
  43  5:24  Raven  
  43  5:27  Orbital Command  
  46  5:34  SCV  
  46  5:46  SCV  
  46  5:48  Command Center  
  47  5:51  Siege Tank  
  47  5:54  SCV  
  51  5:59  SCV  
  52  6:06  SCV  
  52  6:08  Raven  
  52  6:11  SCV  
  54  6:19  SCV  
  54  6:23  SCV  
  54  6:24  Barracks Reactor, Refinery  
  54  6:31  SCV  
  55  6:34  Siege Tank  
  55  6:35  SCV, Barracks x2  
  55  6:36  Engineering Bay  
  55  6:37  Engineering Bay  
  59  6:43  SCV  
  60  6:47  SCV  
  59  6:55  SCV  
  59  6:59  SCV  
  61  7:06  Siege Tank  
  61  7:07  SCV  
  62  7:09  Marine x2  
  62  7:10  Viking  
  62  7:13  SCV  
  67  7:19  SCV  
  65  7:27  Marine x2  
  66  7:31  SCV, Marine x2  
  66  7:35  SCV  
  66  7:36  Orbital Command  
  63  7:37  Terran Infantry Weapons Level 1  
  63  7:38  Terran Infantry Armor Level 1, Siege Tank  
  63  7:43  SCV  
  64  7:44  Marine  
  64  7:45  Marine  
  64  7:47  SCV  
  64  7:49  Starport Tech Lab  
  67  7:55  SCV, Marine  
  68  7:59  SCV  
  68  8:02  SCV  
  68  8:07  SCV  
  68  8:11  SCV  
  69  8:16  SCV  
  68  8:22  SCV  
  68  8:24  SCV, Siege Tank  
  68  8:25  Viking x2  
  68  8:26  Marine  
  68  8:27  Combat Shield, Stimpack, Marine x2  
  78  8:34  SCV  
  81  8:36  SCV  
  82  8:44  Marine  
  82  8:46  Supply Depot  
  82  8:48  Supply Depot, Orbital Command, Marine  
  85  8:49  Barracks Reactor  
  85  8:51  Sensor Tower  
  85  8:52  Barracks  
  85  8:53  Supply Depot x2, Barracks  
  84  8:56  Viking  
  84  9:02  SCV  
  85  9:08  Viking, SCV  
  88  9:14  SCV  
  88  9:15  SCV  
  90  9:17  Marine x2  
  90  9:19  Siege Tank  
  90  9:20  SCV  
  96  9:26  SCV, Marine x2  
  96  9:27  SCV  
  96  9:30  Medivac  
  102  9:35  Marine  
  102  9:37  SCV  
  102  9:38  Armory, Medivac, SCV  
  106  9:39  SCV  
  106  9:41  Barracks Reactor x2  
  106  9:45  Marine x3  
  111  9:53  Marine  
  112  10:03  Viking, Marine x3  
  117  10:09  Supply Depot  
  117  10:12  Supply Depot x2  
  117  10:14  Viking, Marine, Siege Tank  
  117  10:15  Refinery  
  117  10:16  Refinery  
  117  10:19  Marine x2  
  125  10:31  SCV x3, Marine x5  
  125  10:33  Missile Turret, Marine  
  134  10:36  Medivac  
  134  10:37  Marine x2  
  134  10:41  Terran Infantry Weapons Level 2  
  138  10:44  Medivac  
  138  10:46  Terran Infantry Armor Level 2  
  138  10:49  Marine x3  
  143  10:50  Marine x2  
  143  10:56  Marine x3  
  148  11:05  Siege Tank  
  148  11:06  Supply Depot, Marine x3  
  148  11:07  Supply Depot  
  154  11:14  Marine x3  
  157  11:27  Marine x4  
  157  11:28  Marine  
  157  11:32  Marine x3  
  164  11:35  Medivac  
  164  11:36  Medivac  
  164  11:37  Siege Tank  
  172  11:43  Command Center  
  172  11:45  Marine  
  173  11:47  Marine x2  
  173  11:49  Marine x2  
  151  11:54  Marine x3  
  145  12:03  Marine  
  145  12:05  Marine x2  
  145  12:07  Marine x2  
  139  12:09  Siege Tank  
  139  12:12  Marine x3  
  139  12:14  Liberator x2  
  148  12:20  Marine  
  144  12:23  Marine x2  
  144  12:25  Marine x2  
  148  12:30  Marine x3  
  151  12:38  Marine  
  151  12:41  Marine x2  
  151  12:43  Marine x2  
Tags
 
Add a new tag
Caveats
  • Supply blocks, unpowered buildings, or Contaminate may cause inaccurate times.
  • Supply counts are checked every 10 seconds.